 Dungeon Crawl Stone Soup version 0.18.1-48-g4cf74bf (webtiles) character file.

60 nikopol the Chopper (level 3, -1/49 HPs)
             Began as a Minotaur Berserker on Aug 27, 2016.
             Was a Believer of Trog.
             Slain by Crazy Yiuf
             ... wielding a +2 quarterstaff of chaos
              (19 damage)
             ... on level 2 of the Dungeon.
             The game lasted 00:03:11 (1284 turns).

nikopol the Chopper (Minotaur Berserker)            Turns: 1284, Time: 00:03:12

Health: -1/49      AC:  5    Str: 26    XL:     3   Next: 82%
Magic:  2/2        EV: 11    Int:  4    God:    Trog [**....]
Gold:   38         SH:  0    Dex: 10    Spells: 0 memorised, 2 levels left

rFire  . . .     SeeInvis .     a - +0 hand axe
rCold  . . .     Gourm    .     j - +0 ring mail
rNeg   . . .     Faith    .     (no shield)
rPois  .         Spirit   .     (helmet restricted)
rElec  .         Dismiss  .     (no cloak)
rCorr  .         Reflect  .     (no gloves)
SustAt .         Harm     .     (no boots)
MR     .....                    (no amulet)
Stlth  ..........               (no ring)
                                (no ring)

@: berserking, very quick, not resistant to hostile enchantments, extremely
unstealthy
A: retaliatory headbutt, horns 2
a: Berserk, Trog's Hand, Burn Spellbooks, Renounce Religion


You were on level 2 of the Dungeon.
You worshipped Trog.
Trog was pleased with you.
You were hungry.

You visited 1 branch of the dungeon, and saw 2 of its levels.

You collected 38 gold pieces.

Inventory:

Hand Weapons
 a - a +0 hand axe (weapon)
Armour
 b - a +0 animal skin
 j - a +0 ring mail (worn)
Jewellery
 g - an uncursed amulet of guardian spirit {unknown}
Scrolls
 d - a scroll of teleportation {unknown}
 e - 2 scrolls of enchant weapon {unknown}
 h - a scroll of recharging {unknown}
 n - a scroll of identify {unknown}
Potions
 f - 2 potions of curing {unknown}
 i - 2 potions of berserk rage {unknown}
 l - a potion of cancellation {unknown}
 m - a potion of might {unknown}
 o - a potion of invisibility {unknown}
Comestibles
 c - a bread ration


   Skills:
 + Level 4.1 Fighting
 + Level 4.4 Axes
 + Level 3.4 Armour
 + Level 2.6 Dodging


You had 2 spell levels left.
You didn't know any spells.

Dungeon Overview and Level Annotations

Branches:
Dungeon (2/15)

Altars:
Ashenzari
Fedhas
Makhleb
Qazlal
Vehumet
Yredelemnul

Annotations:
D:2 Crazy Yiuf


Innate Abilities, Weirdness & Mutations

You reflexively headbutt those who attack you in melee.
You have a pair of horns on your head.


Message History

Found a burning altar of Makhleb.
There is an open door here.
There is an open door here.
All of the chunks of flesh in your inventory have rotted away.
Found a glowing mace.
Crazy Yiuf the Enlightened comes into view.
He is wielding a quarterstaff of chaos.
Crazy Yiuf shouts!
Crazy Yiuf grits, "Cod ragdoll mobile!"
You barely miss Crazy Yiuf.
You headbutt Crazy Yiuf, but do no damage.
Crazy Yiuf hits you with a quarterstaff of chaos.
You are electrocuted!
You closely miss Crazy Yiuf.
Crazy Yiuf hits you with a quarterstaff of chaos.
A red film seems to cover your vision as you go berserk!
You feel yourself moving faster!
You feel mighty!
You are feeling hungry.
Crazy Yiuf hits you with a quarterstaff of chaos!
Space warps horribly around you!
You die...

###♣♣♣♣♣ ##.#..♣.♣♣♣ ###
##......♣..♣#...#
#......♣♣♣♣@g...# #...#.♣♣
♣♣#..)# ######..##♣♣ ###
#..PPP..# #.P.P.P.#
#.PP_PP.###### ..P.PP.......#
###### ...PPP.......# #....#
.............###########....#


You could see Crazy Yiuf.

Vanquished Creatures
  An adder (D:2)
  3 worms (D:2)
  2 giant geckos (D:1)
  2 giant cockroaches (D:2)
  6 goblins
  6 hobgoblins
  2 jackals (D:2)
  5 kobolds
  5 bats
  2 giant newts
  5 rats
39 creatures vanquished.

Notes
Turn   | Place    | Note
--------------------------------------------------------------
     0 | D:1      | nikopol the Minotaur Berserker began the quest for the Orb.
     0 | D:1      | Reached XP level 1. HP: 19/19 MP: 0/0
   129 | D:1      | Reached XP level 2. HP: 7/27 MP: 1/1
   852 | D:2      | Reached XP level 3. HP: 29/33 MP: 2/2
   854 | D:2      | Reached ** piety under Trog
  1083 | D:2      | Found a blossoming altar of Fedhas.
  1141 | D:2      | Found a shattered altar of Ashenzari.
  1141 | D:2      | Found a basalt altar of Yredelemnul.
  1147 | D:2      | Found a stormy altar of Qazlal.
  1213 | D:2      | Found a radiant altar of Vehumet.
  1214 | D:2      | Found a burning altar of Makhleb.
  1279 | D:2      | Noticed Crazy Yiuf
  1284 | D:2      | Slain by Crazy Yiuf

Skill      XL: |  1  2  3 |
---------------+----------+-----
Axes           | 4 |  4.4
Armour         | 3 |  3.4
Fighting       | 4 |  4.1
Dodging        | |  2.6

Action                   || total
-------------------------++-------
Melee: Hand axe          ||    67
       Headbutt          ||    16
Invok: Berserk           ||     1
 Stab: Sleeping          ||     1
  Eat: Chunk             ||     1
Armor: Animal skin       ||     5
       Ring mail         ||     7
Dodge: Dodged            ||    34
